 Dungeon Crawl Stone Soup version 0.24-a0-218-ga595e75 (webtiles) character file.

Game seed: 5153615091278350425

111 Inarius the Skirmisher (level 4, -3/37 HPs)
             Began as a Demonspawn Abyssal Knight on Mar 30, 2019.
             Was a Believer of Lugonu.
             Slain by Crazy Yiuf
             ... wielding a +4 quarterstaff of chaos
              (10 damage)
             ... on level 2 of the Dungeon.
             The game lasted 00:03:50 (1838 turns).

Inarius the Skirmisher (Demonspawn Abyssal Knight)  Turns: 1838, Time: 00:03:51

Health: -3/37      AC:  3    Str: 13    XL:     4   Next: 62%
Magic:  6/6        EV: 11    Int: 10    God:    Lugonu [**....]
Gold:   164        SH:  0    Dex: 13    Spells: 3/3 levels left

rFire    . . .     SeeInvis .   f - +2 dagger (venom)
rCold    . . .     Gourm    .   (no shield)
rNeg     . . .     Faith    .   b - +0 leather armour
rPois    .         Spirit   .   (no helmet)
rElec    .         Reflect  .   (no cloak)
rCorr    .         Harm     .   (no gloves)
MR       .....                  (no boots)
Stlth    ++........             (no amulet)
HPRegen  0.12/turn              n - -3 ring of intelligence (curse)
MPRegen  0.10/turn              (no ring)

@: very slightly contaminated, invisible
A: nightstalker 1
a: Depart the Abyss, Bend Space, Renounce Religion


You were on level 2 of the Dungeon.
You worshipped Lugonu.
Lugonu was pleased with you.
You were not hungry.

You visited 1 branch of the dungeon, and saw 2 of its levels.
You visited the Abyss 1 time.

You collected 164 gold pieces.

Inventory:

Hand Weapons
 a - a +1 hand axe
 f - a +2 dagger of venom (weapon)
Armour
 b - a +0 leather armour (worn)
 d - a +0 scale mail
Jewellery
 e - an uncursed ring of ice
 n - a cursed -3 ring of intelligence (left hand)
Scrolls
 m - a scroll of amnesia
Potions
 i - a potion of might
 j - a potion of lignification
 k - a potion of heal wounds
 l - a potion of curing {unknown}
Comestibles
 c - 6 rations


   Skills:
 + Level 3.9 Fighting
 * Level 1.7 Short Blades
 - Level 1.9 Axes
 * Level 2.3 Armour
 - Level 0.8 Dodging
 + Level 1.1 Stealth
 * Level 3.3 Invocations


You had 3 spell levels left.
You didn't know any spells.
Your spell library was empty.

Dungeon Overview and Level Annotations

Branches:
Dungeon (2/15)

Altars:
Gozag
Nemelex Xobeh
Xom

Annotations:
D:2 Crazy Yiuf


Innate Abilities, Weirdness & Mutations

You are slightly more attuned to the shadows.


Message History

Crazy Yiuf is severely wounded.
Crazy Yiuf hits you with a +4 quarterstaff of chaos.
* * * LOW HITPOINT WARNING * * *
Crazy Yiuf freezes you.
* * * LOW HITPOINT WARNING * * *
You hit Crazy Yiuf.
Crazy Yiuf looks as sick as possible!
Crazy Yiuf is almost dead.
Crazy Yiuf grits, "Shower!
Citrus turtle bag."
Crazy Yiuf hits you with a +4 quarterstaff of chaos.
* * * LOW HITPOINT WARNING * * *
You fade into invisibility!
You are very lightly contaminated with residual magic.
You barely miss Crazy Yiuf.
Crazy Yiuf is almost dead.
Crazy Yiuf closely misses you.
You barely miss Crazy Yiuf.
Crazy Yiuf is almost dead.
Crazy Yiuf whimpers, "Key!
Action bush foot."
Crazy Yiuf hits you with a +4 quarterstaff of chaos!
You die...

##..##
#..###)#.#
♣....♣
#...##.#.#
♣...♣♣
###...)..###
♣♣.♣♣
##..........
♣.♣♣
#.....####.#
♣♣.♣ ####..#
. ♣.♣♣ #..#
♣♣.♣ #..#
#@# #...
#.g.# #..#.
#...# #..#.
#..)# #####


You could see Crazy Yiuf.

Vanquished Creatures
  3 gnolls (D:2)
  3 adders (D:2)
  A worm (D:2)
  2 dart slugs
  A leopard gecko (D:1)
  2 giant cockroaches (D:1)
  8 goblins
  6 hobgoblins
  A jackal (D:2)
  6 kobolds
  A quokka (D:2)
  9 bats
  4 rats
47 creatures vanquished.

Notes
Turn   | Place    | Note
-------+----------+-------------------------------------------
     0 | Abyss:1  | Inarius the Demonspawn Abyssal Knight began the quest for
                  | the Orb.
     0 | Abyss:1  | Reached XP level 1. HP: 18/18 MP: 2/2
    10 | Abyss:2  | Found a corrupted altar of Lugonu.
    14 | Abyss:2  | Found a corrupted altar of Lugonu.
    70 | Abyss:2  | Noticed a chaos spawn
    71 | Abyss:2  | Noticed a small abomination
    72 | D:1      | Escaped the Abyss
   174 | D:1      | Reached * piety under Lugonu
   256 | D:1      | Gained mutation: You are slightly more attuned to the
                  | shadows. [demonic ancestry]
   256 | D:1      | Reached XP level 2. HP: 21/24 MP: 3/3
   687 | D:1      | Found a sparkling altar of Nemelex Xobeh.
   762 | D:1      | Reached XP level 3. HP: 25/29 MP: 5/5
  1032 | D:2      | Reached skill level 1 in Short Blades
  1037 | D:2      | Reached ** piety under Lugonu
  1357 | D:2      | Reached XP level 4. HP: 31/37 MP: 6/6
  1407 | D:2      | Found a shimmering altar of Xom.
  1407 | D:2      | Found an opulent altar of Gozag.
  1532 | D:2      | Found a runed translucent door.
  1533 | D:2      | Noticed Crazy Yiuf
  1575 | D:2      | Reached skill level 1 in Stealth
  1838 | D:2      | Slain by Crazy Yiuf

Levels and vault maps discovered:
D:1:      nzn_arrival_water_spiral, layout_loops_ring, serial_bayou_pond_a,
          nemelex_xobeh_ov_fountains_minmay
D:2:      layout_rooms, fedhas_altar_fruit_tree, old_standard_altar,
          chequers_temple_overflow_statue_of_worship, dk_noncrumbling_4,
          grunt_ministairs_3, chequers_garden, minmay_split_cup_large,
          uniq_crazy_yiuf_cottage
Abyss:1:  minivault_28
Abyss:2:  minivault_27

Skill      XL: |  1  2  3  4 |
---------------+-------------+-----
Invocations    | 3 |  3.3
Armour         | 2 |  2.3
Short Blades   | 1 |  1.7
Stealth        | 1 |  1.1
Fighting       | |  3.9
Axes           | |  1.9
Dodging        | |  0.8

Action                   |  1- 3 |  4- 6 || total
-------------------------+-------+-------++-------
Melee: Dagger            |    97 |    45 ||   142
       Hand axe          |     3 |       ||     3
Invok: Depart the Abyss  |     1 |       ||     1
  Use: Scroll            |       |     4 ||     4
       Potion            |       |     1 ||     1
 Stab: Sleeping          |     4 |     1 ||     5
       Distracted        |     1 |       ||     1
  Eat: Chunk             |     1 |     2 ||     3
Armor: Scale mail        |     9 |       ||     9
       Leather armour    |    29 |    11 ||    40
Dodge: Dodged            |    68 |    22 ||    90

Table legend:
 A = Non-vault XP
 B = Vault XP
 C = Vault XP percentage of total XP
 D = Non-vault monster count
 E = Vault monster count
 F = Vault count percentage of total count
                 A         B        C        D         E       F
            +---------+---------+-------+---------+---------+-------
      Total |     126 |      33 |  20.8 |      41 |       6 |  12.8
            +---------+---------+-------+---------+---------+-------
        D:1 |      44 |       0 |   0.0 |      24 |       0 |   0.0
        D:2 |      82 |      33 |  28.7 |      17 |       6 |  26.1
            +---------+---------+-------+---------+---------+-------
